 Dungeon Crawl Stone Soup version 0.26.0-11-g8f856b5395 (webtiles) character file.

Game seed: 12624839843570082007

137 Descartes the Magician (level 5, 0/28 HPs)
             Began as a Deep Elf Fire Elementalist on Jan 15, 2021.
             Slain by a gnoll
             ... wielding a +0 club
              (5 damage)
             ... on level 2 of the Dungeon.
             The game lasted 00:05:52 (2643 turns).

Descartes the Magician (Deep Elf Fire Elementalist) Turns: 2643, Time: 00:05:52

Health: 0/28       AC:  2    Str:  5    XL:     5   Next: 0%
Magic:  4/13       EV: 13    Int: 21    God:
Gold:   132        SH:  0    Dex: 15    Spells: 11/12 levels left

rFire    . . .     SeeInvis .   (no weapon)
rCold    . . .     Faith    .   (no shield)
rNeg     . . .     Spirit   .   a - +0 robe
rPois    .         Reflect  .   (no helmet)
rElec    .         Harm     .   (no cloak)
rCorr    .         Rampage  .   (no gloves)
Will     .....                  (no boots)
Stlth    +++.......             (no amulet)
HPRegen  0.09/turn              (no ring)
MPRegen  0.13/turn              (no ring)

@: no status effects
A: no striking features
a: no special abilities


You were on level 2 of the Dungeon.
You visited 1 branch of the dungeon, and saw 3 of its levels.

You collected 132 gold pieces.

Inventory:

Missiles
 b - 35 arrows
 e - 4 stones
Armour
 a - a +0 robe (worn)
 d - a +0 buckler
Scrolls
 f - 2 scrolls of teleportation {unknown}
 g - 4 scrolls of magic mapping {unknown}
 i - a scroll of amnesia {unknown}
 k - a scroll of remove curse {unknown}
 l - 3 scrolls of enchant armour {unknown}
 m - 4 scrolls of identify {unknown}
 p - a scroll of fear {unknown}
Potions
 c - a potion of haste {unknown}
 h - a potion of curing {unknown}
 j - a potion of berserk rage {unknown}
 n - a potion of mutation {unknown}
 o - a potion of lignification {unknown}


   Skills:
 - Level 2.4 Dodging
 + Level 3.7 Stealth
 + Level 1.4 Shields
 + Level 4.1 Spellcasting
 + Level 2.4 Conjurations
 + Level 4.0 Fire Magic


You had 11 spell levels left.
You knew the following spells:

 Your Spells              Type           Power        Failure   Level
a - Foxfire               Conj/Fire      72%          3%          1

Your spell library contained the following spells:

 Spells                   Type           Power        Failure   Level
 Conjure Flame            Conj/Fire      18%          10%         3
 Inner Flame              Hex/Fire       12%          16%         3
 Sticky Flame             Conj/Fire      18%          30%         4
 Fireball                 Conj/Fire      9%           65%         5


Dungeon Overview and Level Annotations

Branches:
Dungeon (3/15)

Altars:
Hepliaklqana

Annotations:
D:3 Ijyb, Natasha


Message History

There is a stone staircase leading up here.
The gnoll hits you with a +0 club!
* * * LOW HITPOINT WARNING * * *
You climb upwards.
There is a stone staircase leading down here.
Casting: Foxfire (safe; 3% risk of failure)
Confirm with . or Enter, or press ? or * to list all spells.
You conjure some foxfire!
The gnoll hits you but does no damage.
Your foxfire dissipates!
The foxfire hits the gnoll.
The gnoll is heavily wounded.
Casting: Foxfire (safe; 3% risk of failure)
Confirm with . or Enter, or press ? or * to list all spells.
You conjure some foxfire!
The foxfire hits the gnoll!
The gnoll is almost dead.
Your foxfire dissipates!
Casting: Foxfire (safe; 3% risk of failure)
Confirm with . or Enter, or press ? or * to list all spells.
You conjure some foxfire!
The gnoll hits you with a +0 club.
You die...

#..###....#...#
#######..#
#......_......#
#........#
##..#....###.##
#.######.#
#..#...## #.#
#.# #.####
#..###.# #.#
#># ###.....
#......####.#
#.# #.......
#...........#
######.#
#.######
######.####.#
#vg....# #.# #
#......#
#@###### #.# #
######.# #v#
#.# # #.# #.#
#.# # #.# #.#
#.# # #.# #.#
#.# # #.# #.#
###.# # #.# #.#
#...###### #.#
#.# #.........
#.# #)#
#..#######


You could see a gnoll.

Vanquished Creatures
  Natasha (D:3)
  A worker ant (D:3)
  A gnoll (D:3)
  5 adders (D:2)
  A dart slug (D:2)
  2 leopard geckos (D:1)
  3 giant cockroaches (D:2)
  3 goblins
  3 hobgoblins
  3 kobolds
  6 bats
  3 frilled lizards
  4 rats
36 creatures vanquished.

Vanquished Creatures (others)
  150 foxfires
150 creatures vanquished.

Grand Total: 186 creatures vanquished

Notes
Turn   | Place    | Note
-------+----------+-------------------------------------------
     0 | D:1      | Descartes the Deep Elf Fire Elementalist began the quest
                  | for the Orb.
     0 | D:1      | Reached XP level 1. HP: 10/10 MP: 6/6
   414 | D:1      | Reached XP level 2. HP: 15/15 MP: 5/8
  1187 | D:2      | Found a hazy altar of Hepliaklqana.
  1192 | D:2      | Reached XP level 3. HP: 19/19 MP: 5/10
  1456 | D:2      | Reached skill level 1 in Shields
  1878 | D:2      | Reached XP level 4. HP: 19/24 MP: 7/11
  2450 | D:3      | Noticed Natasha
  2455 | D:3      | Killed Natasha
  2617 | D:3      | Noticed Ijyb
  2619 | D:3      | Reached XP level 5. HP: 24/28 MP: 6/13
  2623 | D:3      | Noticed Natasha
  2643 | D:2      | Slain by a gnoll

Illustrated notes

Levels and vault maps discovered:
D:1:      amcnicky_arrival_abandoned_market, layout_basic
D:2:      minmay_wonky_spiral, layout_loops_ring, nicolae_overflow_crystal_walls
D:3:      layout_loops_ring, old_standard_altar, overflow_temple_1_default,
          minivault_26, kennysheep_generic_room_7, uniq_natasha, uniq_grinder,
          uniq_robin, uniq_jessica, uniq_sigmund, uniq_ijyb

Skill      XL: |  1  2  3  4 |
---------------+-------------+-----
Stealth        | 3 |  3.7
Shields        | 1 |  1.4
Conjurations   | 2 |  2.4
Spellcasting   | 4 |  4.1
Fire Magic     | 4 |  4.0
Dodging        | |  2.4

Action                   |  1- 3 |  4- 6 || total
-------------------------+-------+-------++-------
Melee: Unarmed           |       |     2 ||     2
 Cast: Foxfire           |    77 |    36 ||   113
Armor: Robe              |     2 |     2 ||     4
Dodge: Dodged            |    20 |     3 ||    23
